Map: Lightshade LE

Players

Azure

  • Race: Terran Terran
  • League: Grandmaster
  • Spawn Location: 5:00

RazerBlader - Winner!

  • Race: Terran Terran
  • League: Master
  • Spawn Location: 11:00

Event: DreamHack SC2 Masters 2020 Winter

VOD

Have the link to the VOD?

Description

Time

  • Played on: Oct. 22, 2020, 5:12 a.m.
  • Length: 9:44

All games in this series

Show
View Real Time Build Order
Export as new Build Order

Azure Terran 

Build Orders: 1/1/1 

Get SALT Encoding   

  12  0:00  SCV  
  13  0:12  SCV  
  14  0:17  Supply Depot  
  14  0:24  SCV  
  14  0:28  Refinery  
  15  0:38  SCV  
  16  0:43  Barracks  
  16  0:50  SCV  
  16  0:54  Refinery  
  17  1:02  SCV  
  18  1:14  SCV  
  19  1:30  Orbital Command  
  19  1:32  Factory  
  19  1:36  Barracks Reactor  
  19  1:48  Supply Depot  
  19  1:56  SCV  
  20  2:08  SCV  
  21  2:12  Reaper x2  
  25  2:15  Hellion  
  25  2:19  Starport  
  25  2:23  SCV  
  26  2:31  Supply Depot  
  26  2:35  SCV  
  27  2:38  Hellion  
  29  2:44  Reaper  
  29  2:45  Reaper  
  31  2:52  SCV  
  31  2:56  Supply Depot  
  31  2:58  Medivac  
  34  3:05  Hellion  
  36  3:16  Reaper  
  36  3:17  Reaper  
  38  3:22  SCV  
  39  3:29  Factory Tech Lab  
  39  3:33  Starport Tech Lab  
  39  3:39  Command Center  
  39  3:42  SCV  
  40  3:50  Cyclone  
  40  3:53  Marine x2  
  45  4:00  SCV, Supply Depot  
  46  4:12  SCV  
  39  4:27  Marine x2  
  39  4:29  Raven  
  39  4:31  SCV  
  38  4:37  Siege Tank  
  41  4:41  Refinery  
  41  4:43  SCV  
  41  4:45  Marine x2  
  44  4:52  Orbital Command  
  44  4:55  SCV  
  45  5:02  Marine  
  45  5:03  Marine  
  47  5:07  SCV  
  48  5:14  Siege Tank  
  48  5:18  SCV  
  48  5:20  SCV  
  53  5:22  Supply Depot  
  53  5:26  Refinery  
  53  5:30  SCV  
  53  5:31  Viking x2  
  53  5:32  SCV  
  53  5:34  Marine  
  60  5:42  SCV  
  61  5:44  SCV  
  62  5:50  Siege Tank, Stimpack  
  62  5:54  Supply Depot, SCV  
  62  5:56  SCV  
  67  6:02  Viking  
  69  6:06  SCV  
  69  6:07  Viking  
  69  6:08  SCV  
  73  6:14  Marine  
  74  6:18  SCV  
  74  6:20  SCV  
  74  6:23  Siege Tank  
  79  6:32  SCV  
  80  6:36  SCV  
  80  6:37  Command Center  
  80  6:39  Viking  
  82  6:43  Viking  
  82  6:44  SCV  
  85  6:50  Marine  
  85  6:53  Supply Depot  
  86  7:06  Barracks  
  86  7:07  Barracks  
  86  7:08  Supply Depot  
  86  7:14  SCV x2, Viking x2  
  92  7:27  SCV  
  92  7:30  Siege Tank  
  37  8:38  Orbital Command  
Show
View Real Time Build Order
Export as new Build Order

RazerBlader Terran - Winner!

Build Orders:  

Get SALT Encoding   

  12  0:00  SCV  
  13  0:12  SCV  
  14  0:17  Supply Depot  
  14  0:24  SCV  
  14  0:27  Refinery  
  15  0:39  SCV  
  16  0:44  Barracks  
  16  0:51  SCV  
  16  0:55  Refinery  
  17  1:03  SCV  
  18  1:15  SCV  
  19  1:31  Orbital Command  
  19  1:32  Reaper  
  20  1:34  Factory  
  20  1:43  Supply Depot  
  20  1:57  SCV  
  21  2:04  Reaper  
  22  2:09  SCV  
  23  2:18  Hellion  
  23  2:21  SCV  
  26  2:31  Command Center  
  26  2:37  Reaper  
  26  2:39  Hellion  
  29  2:45  SCV  
  29  2:46  Supply Depot  
  29  2:51  Starport  
  30  2:57  SCV  
  31  3:01  Factory Tech Lab  
  31  3:10  Barracks Reactor  
  31  3:12  SCV  
  32  3:18  Refinery  
  32  3:21  Cyclone  
  32  3:24  SCV  
  36  3:28  Viking  
  38  3:36  SCV  
  39  3:46  Marine x2  
  39  3:47  Orbital Command  
  41  3:50  SCV  
  41  3:53  Siege Tank  
  45  3:58  Starport Tech Lab  
  45  4:02  SCV  
  46  4:07  Marine x2  
  48  4:13  SCV  
  48  4:14  Supply Depot  
  48  4:15  SCV  
  37  4:25  Marine x2, SCV  
  37  4:28  SCV  
  40  4:32  Raven  
  42  4:39  Siege Tank  
  42  4:40  SCV  
  42  4:42  SCV  
  47  4:50  Marine x2  
  49  4:53  SCV  
  49  4:54  SCV  
  51  5:00  Supply Depot  
  51  5:05  SCV  
  51  5:06  SCV  
  53  5:10  Marine x2  
  53  5:13  Siege Tank  
  58  5:17  SCV  
  58  5:18  SCV  
  58  5:19  Raven  
  62  5:28  Marine, Supply Depot  
  62  5:29  SCV, Marine  
  62  5:31  SCV  
  66  5:41  SCV  
  67  5:43  Supply Depot, SCV  
  67  5:46  Marine  
  67  5:47  Marine  
  70  5:50  Siege Tank  
  70  5:53  SCV  
  70  5:55  SCV  
  75  5:57  Supply Depot  
  75  6:05  SCV  
  75  6:09  SCV  
  76  6:14  Viking x2  
  76  6:16  Command Center  
  80  6:18  Stimpack  
  80  6:19  SCV  
  80  6:23  Siege Tank  
  80  6:24  Marine  
  85  6:30  SCV  
  85  6:32  Supply Depot  
  86  6:39  SCV  
  87  6:42  Marine, Supply Depot  
  87  6:46  Viking x2  
  92  6:56  Barracks  
  92  6:57  Barracks  
  92  6:58  SCV  
  92  6:59  Refinery  
  93  7:04  Siege Tank  
  93  7:08  SCV  
  97  7:09  Marine  
  97  7:13  SCV  
  99  7:16  Supply Depot  
  99  7:19  Viking  
  101  7:26  Viking  
  101  7:28  Marine  
  100  7:45  Marine  
  100  7:52  Marine  
  100  7:55  Siege Tank  
  85  9:02  Supply Depot  
Tags
 
Add a new tag
Caveats
  • Supply blocks, unpowered buildings, or Contaminate may cause inaccurate times.
  • Supply counts are checked every 10 seconds.